 Dungeon Crawl Stone Soup version 0.20-a0-795-ga03948b (webtiles) character file.

525 Alarkh the Slasher (level 7, 55/55 HPs)
             Began as a Demonspawn Monk on Mar 1, 2017.
             Quit the game on level 4 of the Dungeon.
             The game lasted 00:04:43 (5048 turns).

Alarkh the Slasher (Demonspawn Monk)                Turns: 5048, Time: 00:04:44

Health: 55/55      AC:  3    Str: 16    XL:     7   Next: 2%
Magic:  7/7        EV: 15    Int: 13    God:
Gold:   224        SH:  0    Dex: 19    Spells: 6/6 levels left

rFire    . . .     SeeInvis .   a - +0 falchion
rCold    . . .     Gourm    .   b - +0 robe
rNeg     . . .     Faith    .   (no shield)
rPois    .         Spirit   .   (helmet restricted)
rElec    .         Reflect  .   f - +0 cloak
rCorr    .         Harm     .   (no gloves)
MR       .....     Clarity  +   (no boots)
Stlth    +++.......             (no amulet)
Regen    0.2/turn               (no ring)
MPRegen  0.1/turn               (no ring)

@: no status effects
A: antennae 1, thin skeletal structure 2, clarity, demonic guardian 1, spiny 1,
strong 2
a: no special abilities


You were on level 4 of the Dungeon.
You were not hungry.

You visited 1 branch of the dungeon, and saw 4 of its levels.

You collected 224 gold pieces.

Inventory:

Hand Weapons
 a - a +0 falchion (weapon)
Armour
 b - a +0 robe (worn)
 f - a +0 cloak (worn)
Scrolls
 d - a scroll of teleportation {unknown}
 e - a scroll of identify
 g - a scroll of magic mapping {unknown}
 j - a scroll of enchant armour {unknown}
 o - a scroll of immolation {unknown}
 q - a scroll of fear
 s - 5 scrolls of remove curse {unknown}
 v - a scroll of recharging {unknown}
 w - a scroll of random uselessness {unknown}
 x - a scroll of enchant weapon {unknown}
Potions
 i - 2 potions of mutation
 k - 2 potions of brilliance
 m - a potion of resistance {unknown}
 n - a potion of cancellation {unknown}
 r - a potion of flight {unknown}
 t - a potion of degeneration {unknown}
Books
 p - a book of Cantrips

   Spells                             Type                      Level
   a - Confusing Touch                Hexes                        1
   b - Animate Skeleton               Necromancy                   1
   c - Summon Small Mammal            Summoning                    1
   d - Apportation                    Translocation                1
Comestibles
 c - 2 bread rations
 h - 2 royal jellies
 l - a chunk of flesh
 u - a meat ration


   Skills:
 + Level 4.6 Fighting
 * Level 5.2 Long Blades
 + Level 4.6 Dodging
 - Level 1.7 Stealth


You had 6 spell levels left.
You didn't know any spells.

Dungeon Overview and Level Annotations

Branches:
Dungeon (4/15)
 Temple: D:4-7

Altars:
Ru


Innate Abilities, Weirdness & Mutations

You have a pair of small antennae on your head.
You have a moderately thin skeletal structure. (Dex +4, Stealth+)
A weak demonic guardian rushes to your aid.
You are partially covered in sharp spines.
You possess an exceptional clarity of mind.
Your muscles are very strong. (Str +4)


Message History

You hit the iguana but do no damage.
The iguana is moderately wounded.
The iguana misses you.
You slash the iguana!
The iguana is almost dead.
The iguana barely misses you.
You hit the iguana but do no damage.
The iguana is almost dead.
The iguana bites you.
You hit the iguana.
You kill the iguana!
You have reached level 7!
Your demonic ancestry asserts itself...
Sharp spines emerge from parts of your body.
l - a chunk of flesh You now have 224 gold pieces (gained 11).
Found a stone staircase leading down.
An iguana comes into view.
An iguana is nearby!
Are you sure you want to abandon this character and quit the game? (Confirm with "yes".)

.#.......... #)...##.#..#
...#.#####.# #l#.......#..#
# #......<##.#
#>##..###.#..##.#
..#####.##.# #.##..#
.......## #. #.##.#
#.##..####........ ..
##....###
#%##.............# #.
#.......# #.##.#####.###...
#..##.#.# #.##.# #.####.##
.....##.#.# #@##.#
#........
#.#.##....###.##.#
##.######
#.............##.# #.#
###.##..#.######.# ###.###
#<......# #.## #.....#
###..########..###.....####
#... #............_......
#..# ##.#########.....####
#..# #...# #.....#


You could see an iguana (sleeping).

Vanquished Creatures
  An ogre (D:4)
  5 killer bees
  An iguana (D:4)
  A worker ant (D:4)
  A hound skeleton (D:4)
  Robin (D:2)
  8 adders
  A worm (D:2)
  2 dart slugs
  2 leopard geckos
  6 orcs (D:3)
  4 giant cockroaches
  16 goblins
  11 hobgoblins
  7 jackals
  2 quokkas (D:3)
  3 ball pythons
  8 bats
  3 frilled lizards
  9 kobolds
  5 rats
97 creatures vanquished.

Notes
Turn   | Place    | Note
-------+----------+-------------------------------------------
     0 | D:1      | Alarkh the Demonspawn Monk began the quest for the Orb.
     0 | D:1      | Reached XP level 1. HP: 18/18 MP: 1/1
   214 | D:1      | Gained mutation: You have a somewhat thin skeletal structure. (Dex +2, Stealth) [demonic ancestry]
   214 | D:1      | Reached XP level 2. HP: 18/24 MP: 2/2
   394 | D:1      | Reached skill level 3 in Long Blades
   725 | D:1      | Gained mutation: You have a pair of small antennae on your head. [demonic ancestry]
   725 | D:1      | Reached XP level 3. HP: 15/29 MP: 3/3
  1740 | D:2      | Noticed Robin
  2072 | D:2      | Reached XP level 4. HP: 28/35 MP: 4/4
  2216 | D:2      | Killed Robin
  3213 | D:3      | Gained mutation: Your muscles are strong. (Str +2) [potion of mutation]
  3213 | D:3      | Gained mutation: Your muscles are very strong. (Str +4) [potion of mutation]
  3213 | D:3      | Gained mutation: You possess an exceptional clarity of mind. [potion of mutation]
  3243 | D:3      | Gained mutation: You have a moderately thin skeletal structure. (Dex +4, Stealth+) [demonic ancestry]
  3243 | D:3      | Reached XP level 5. HP: 11/42 MP: 5/5
  3955 | D:3      | Reached skill level 4 in Long Blades
  4591 | D:4      | Gained mutation: A weak demonic guardian rushes to your aid. [demonic ancestry]
  4591 | D:4      | Reached XP level 6. HP: 46/48 MP: 6/6
  4810 | D:4      | Found a sacrificial altar of Ru.
  4864 | D:4      | Reached skill level 5 in Long Blades
  5000 | D:4      | Gained mutation: You are partially covered in sharp spines. [demonic ancestry]
  5000 | D:4      | Reached XP level 7. HP: 48/55 MP: 7/7
  5048 | D:4      | Quit the game

Vault maps used:
D:1:      scummos_arrival_star, minmay_fountain_box
D:2:      uniq_robin
D:3:      corexii_shack
D:4:      nicolae_overflow_crystal_walls

Skill      XL: |  1  2  3  4  5  6 |
---------------+-------------------+-----
Long Blades    | 3 4 5 |  5.2
Dodging        | 3 4 |  4.6
Fighting       | 4 |  4.6
Stealth        | |  1.7

Action                   |  1- 3 |  4- 6 |  7- 9 || total
-------------------------+-------+-------+-------++-------
Melee: Falchion          |   125 |   221 |       ||   346
  Use: Scroll            |     3 |     2 |       ||     5
       Potion            |       |    13 |       ||    13
 Stab: Sleeping          |     9 |     6 |       ||    15
       Distracted        |       |     1 |       ||     1
  Eat: Chunk             |     4 |    10 |       ||    14
Armor: Robe              |    33 |    27 |       ||    60
Dodge: Dodged            |   102 |   205 |       ||   307
       Rpst.: Falchion   |    32 |    71 |       ||   103
